 Dungeon Crawl Stone Soup version 0.31-a0-841-g038b102fc3 (webtiles) character file.

Game seed: 8885728182810725349

6 Bravepunisher the Ducker (level 1, -6/11 HPs)
             Began as a Spriggan Monk on Sept 27, 2023.
             Killed from afar by a steam dragon (15 damage)
             ... with a ball of steam
             ... on level 6 of the Dungeon.
             The game lasted 00:02:38 (565 turns).

Bravepunisher the Ducker (Spriggan Monk)             Turns: 565, Time: 00:02:39

Health: -6/11      AC:  2    Str:  7    XL:     1   Next: 75%
Magic:  2/2        EV: 19    Int: 11    God:
Gold:   22         SH:  0    Dex: 17    Spells: 0/0 levels left

rFire   . . .        a - +0 short sword
rCold   . . .        (no shield)
rNeg    . . .        b - +0 robe
rPois   .            (helmet restricted)
rElec   .            (no cloak)
rCorr   .            (gloves unavailable)
SInv    +            (boots unavailable)
Will    .....        (no amulet)
Stlth   ++           (no ring)
HPRegen 0.21/turn    (no ring)
MPRegen 0.08/turn

%: no passive effects
@: very quick
A: very small, no large weapons, unfitting armour, see invisible, speed 3
a: no special abilities


You were on level 6 of the Dungeon.
You visited 1 branch of the dungeon, and saw 7 of its levels.

You collected 22 gold pieces.

Inventory:

Hand Weapons
 a - a +0 short sword (weapon)
Armour
 b - a +0 robe (worn)
Jewellery
 c - a +6 ring of strength


   Skills:
 * Level 2.7 Fighting
 - Level 3.2 Short Blades
 + Level 4.2 Dodging


You couldn't memorise any spells.
You didn't know any spells.
Your spell library was empty.

Dungeon Overview and Level Annotations

Branches:
Dungeon (7/15)             Temple (0/1) D:6

Altars:

Shops:
D:4 =


Innate Abilities, Weirdness & Mutations

You are very small and have problems with some larger weapons.
You are too small for most types of armour.
You have supernaturally acute eyesight. (SInv)
You cover ground extremely quickly. (Speed+++)


Message History

You're too confused to move!
You bump into the closed door.
You feel less invigorated.
You feel less confused.
You open the door.
Found 8 stones.
There is an open door here.
You close the door.
The orc wizard points at you and mumbles some strange words.
The magic dart hits you!
Ouch! That really hurt!
You open the door.
There is an open door here.
You close the door.
There is a stone staircase leading down here.
You open the door.
Found a scratched wooden ring.
An orc comes into view. It is wielding a +0 club.
There is an open door here.
The orc shouts!
You close the door.
You see here a +6 ring of strength.
c - a +6 ring of strength A sky beast comes into view.
The sky beast flickers out of sight for a moment.
Found a staircase to the Ecumenical Temple.
A steam dragon comes into view.
A scorpion comes into view.
Found a sedimented coppery potion.
Found 17 gold pieces.
The steam dragon hisses angrily.
The steam dragon breathes steam at you. The ball of steam misses you.
Found 7 gold pieces.
You are engulfed in a cloud of scalding steam.
There is a staircase to the Ecumenical Temple here.
The steam dragon breathes steam at you. The ball of steam hits you!
Ouch! That really hurt!
You die...

................#.....
........Y.......+.....
.....#....#...###.....
..........##### #.....
....#.#...# #.....
....§§o...## #.....
...#§8§#...# # #.....
...#.D§§§§.#.!.# #.....
#...8§@s8§..#......#...
...#..§.§..#......
...##
.....#.8.#........ ..#
# .................. .#
# ......#.#........
............^.$..
.......#.$...... ......
........


You could see a steam dragon (catching breath), a scorpion and an orc.

Vanquished Creatures
  An endoplasm (D:3)
  A goblin (D:4)
  A jackal (D:3)
  A quokka (D:5)
  A kobold (D:4)
5 creatures vanquished.

Notes
Turn   | Place    | Note
-------+----------+-------------------------------------------
     0 | D:1      | Bravepunisher the Spriggan Monk began the quest for the
                  | Orb.
     0 | D:1      | Reached XP level 1. HP: 11/11 MP: 2/2
   216 | D:4      | Found Xatuext's Jewellery Boutique.
   239 | D:5      | Entered Level 5 of the Dungeon
   258 | D:5      | Noticed a water moccasin
   336 | D:5      | Noticed a water moccasin
   337 | D:5      | Noticed a scorpion
   341 | D:5      | Noticed an iguana
   351 | D:5      | Noticed a sleepcap
   352 | D:5      | Noticed a water moccasin
   362 | D:5      | Noticed a phantom
   391 | D:4      | Noticed an iguana
   395 | D:5      | Noticed a black bear
   471 | D:7      | Noticed a killer bee
   471 | D:7      | Noticed a killer bee
   471 | D:7      | Noticed a killer bee
   471 | D:7      | Noticed a killer bee
   471 | D:7      | Noticed a killer bee
   471 | D:7      | Noticed an orc wizard
   552 | D:6      | Noticed a sky beast
   556 | D:6      | Found a staircase to the Ecumenical Temple.
   557 | D:6      | Noticed a steam dragon
   558 | D:6      | Noticed a scorpion
   565 | D:6      | Killed from afar by a steam dragon

Illustrated notes

Levels and vault maps discovered:
D:1:      minmay_arrival_shoal_huts, layout_loops_ring
D:2:      layout_basic, ebering_ecumenical_altar_petrified, basic_altar,
          serial_shops, shop, kennysheep_potato
D:3:      layout_loops_ring, portal_sewer_entry_c, uniq_terence
D:4:      layout_basic, serial_shops, shop_statue, nicolae_shop_tiny_glass,
          nicolae_shop_gaudy_bauble, uniq_natasha
D:5:      minmay_recursive_quarters, layout_loops_cross,
          mainiacjoe_overflow_small_starburst, lemuel_round_altar, serial_shops,
          nicolae_shop_tiny_waterfront, nicolae_shop_tiny_statue_garden
D:6:      layout_basic, minmay_temple_entry_sparse_star
D:7:      layout_rooms, enter_bailey_3

Action                     || total
---------------------------++-------
  Melee: Short sword       ||    25
         Punch             ||     1
    Use: Scroll            ||     1
         Potion            ||     1
   Stab: Sleeping          ||     1
 Armour: Robe              ||    14
  Dodge: Dodged            ||    24

Table legend: (Time is in decaauts)
 A = Elapsed time spent in this place.
 B = Non-inter-level travel time spent in this place.
 C = Inter-level travel time spent in this place.
 D = Time resting spent in this place.
 E = Time spent auto-exploring this place.
 F = Levels seen in this place.
 G = Mean time per level.
                   A        B        C        D        E       F      G
               +--------+--------+--------+--------+--------+-----+--------+
         Total |    393 |    393 |      0 |     68 |     73 |   7 |   56.1 |
       Dungeon |    393 |    393 |      0 |     68 |     73 |   7 |   56.1 |
               +--------+--------+--------+--------+--------+-----+--------+

Top non-repeatable levels by time:
     D:4: 130 daAuts
     D:5: 121 daAuts
     D:6: 110 daAuts
     D:3: 18 daAuts
     D:1: 7 daAuts
     D:2: 4 daAuts
     D:7: 1 daAuts
